 Dungeon Crawl Stone Soup version 0.32-a0-43-g058985b245 (webtiles) character file.

Game seed: 5597964914197439814

127 Atlas the Firebug (level 4, 0/30 HPs)
             Began as a Demonspawn Fire Elementalist on Feb 4, 2024.
             Engulfed by a cloud of flame (12 damage)
             ... on level 2 of the Dungeon.
             The game lasted 00:01:55 (1766 turns).

Atlas the Firebug (Demonspawn Fire Elementalist)    Turns: 1766, Time: 00:01:55

Health: 0/30       AC:  6    Str:  8    XL:     4   Next: 85%
Magic:  8/8        EV: 11    Int: 18    God:
Gold:   58         SH:  0    Dex: 13    Spells: 6/9 levels left

rFire   . . .        b - +4 whip (drain)
rCold   . . .        (no shield)
rNeg    . . .        d - +0 leather armour
rPois   .            (no helmet)
rElec   .            (no cloak)
rCorr   .            (no gloves)
SInv    .            (no boots)
Will    .....        (no amulet)
Stlth   ++           (no ring)
HPRegen 0.25/turn    (no ring)
MPRegen 0.11/turn

%: no passive effects
@: no status effects
A: thin metallic scales 2, condensation shield
a: no special abilities


You were on level 2 of the Dungeon.
You visited 1 branch of the dungeon, and saw 2 of its levels.

You collected 58 gold pieces.

Inventory:

Hand Weapons
 b - a +4 whip of draining (weapon)
Armour
 d - a +0 leather armour (worn)
Scrolls
 e - a scroll of enchant armour {unknown}
 f - a scroll of poison {unknown}
 h - a scroll of fear {unknown}
 i - a scroll of identify {unknown}
Potions
 c - a potion of resistance {unknown}
 g - a potion of brilliance {unknown}
 j - a potion of attraction {unknown}
 k - a potion of might {unknown}


   Skills:
 + Level 1.0 Armour
 + Level 2.2 Dodging
 + Level 1.9 Stealth
 + Level 3.2 Spellcasting
 + Level 1.5 Conjurations
 + Level 3.6 Fire Magic


You had 6 spell levels left.
You knew the following spells:

 Your Spells              Type           Power      Damage    Failure   Level
a - Scorch                Fire           30%        2d6       8%          2
b - Foxfire               Conj/Fire      48%        2x1d6     8%          1

Your spell library contained the following spells:

 Spells                   Type           Power      Damage    Failure   Level
 Inner Flame              Hex/Fire       9%         N/A       32%         3
 Volatile Blastmotes      Fire/Tloc      18%        2d11      32%         3
 Flame Wave               Conj/Fire      12%        2d6       61%         4
 Fireball                 Conj/Fire      6%         3d5       91%         5
 Cause Fear               Hex            1%         N/A       92%         4
 Dragon's Call            Summ           1%         N/A       100%        9


Dungeon Overview and Level Annotations

Branches:
Dungeon (2/15)

Altars:


Innate Abilities, Weirdness & Mutations

You are mostly covered in thin metallic scales. (AC +3)
A meltable shield of frost defends you. (SH +0)


Message History

The black bear is almost dead.
The black bear's fire resistance burns away.
The black bear is engulfed in a cloud of scalding steam.
You kill the black bear!
Your Armour skill increases to level 1!
Your Spellcasting skill increases to level 3!
You have reached level 4!
You feel clever.
Your demonic ancestry asserts itself...
Frost condenses into a shield before you.
The plant is engulfed in a cloud of scalding steam.
The plant is engulfed in a cloud of scalding steam.
The plant is engulfed in a cloud of scalding steam.
The plant begins to die.
A nearby plant withers and dies.
A nearby plant withers and dies.
Your magical contamination has completely faded away.
HP restored.
You enter the shallow water.
Moving in this stuff is going to be slow.
You see here 7 stones.
You open the door.
There is an open door here.
There is an open door here.
You enter the shallow water.
Moving in this stuff is going to be slow.
You see here a +4 whip of draining.
b - a +4 whip of draining You sense an unholy aura.
b - a +4 whip of draining (weapon)
You drop a +0 robe.
You enter the shallow water.
Moving in this stuff is going to be slow.
There is an open door here.
There is an open door here.
There is an open door here.
You are engulfed in blazing flames.
Your condensation shield dissipates!
Ouch! That really hurt!
You are engulfed in blazing flames.
You die...

#..........# #.
#..........# #§
#......(...# #§§
######.##### #☼§§ #.#
##...###### #.#
§...[.☼§§.### #.#
§.[!$.○§☼...# #.#
......§@§.#.# #.#
##...######.# #.####
#☼..# ##.####.#..#
#§☼§# #....##.#..#
#§§.# ###.....#..#
#...#####.......#..####
#.###.#........#......
#.....#.P.~P~~~##.####
#####.#.P~~~~~♣...#


There were no monsters in sight!

Vanquished Creatures
  A black bear (D:2)
  An adder (D:2)
  3 ball pythons (D:1)
  3 endoplasms
  3 giant cockroaches (D:1)
  A goblin (D:1)
  4 hobgoblins (D:1)
  A kobold (D:1)
  A quokka (D:1)
  4 bats
  3 frilled lizards (D:1)
  A rat (D:1)
26 creatures vanquished.

Vanquished Creatures (collateral kills)
  A foxfire (D:2)
1 creature vanquished.

Vanquished Creatures (others)
  An endoplasm (D:2)
  54 foxfires
55 creatures vanquished.

Grand Total: 82 creatures vanquished

Notes
Turn   | Place    | Note
-------+----------+-------------------------------------------
     0 | D:1      | Atlas the Demonspawn Fire Elementalist began the quest for
                  | the Orb.
     0 | D:1      | Reached XP level 1. HP: 13/13 MP: 3/3
   519 | D:1      | Gained mutation: You are partially covered in thin metallic
                  | scales. (AC +2) [demonic ancestry]
   519 | D:1      | Reached XP level 2. HP: 19/19 MP: 0/5
   522 | D:1      | Learned a level 2 spell: Scorch
  1339 | D:2      | Gained mutation: You are mostly covered in thin metallic
                  | scales. (AC +3) [demonic ancestry]
  1339 | D:2      | Reached XP level 3. HP: 24/24 MP: 2/6
  1583 | D:2      | Noticed a black bear
  1609 | D:2      | Killed a black bear
  1610 | D:2      | Reached skill level 1 in Armour
  1610 | D:2      | Gained mutation: A meltable shield of frost defends you.
                  | (SH +0) [demonic ancestry]
  1610 | D:2      | Reached XP level 4. HP: 16/30 MP: 2/8
  1766 | D:2      | Engulfed by a cloud of flame

Illustrated notes

Levels and vault maps discovered:
D:1:      onia_arrival_pyramid, layout_loops_ring, minivault_4,
          hangedman_abyss_or_decor_lesser_grid, nrook_uturn
D:2:      layout_basic, serial_bayou, serial_bayou_shore_b, serial_bayou_pond_e,
          serial_bayou_lagoon_a, serial_bayou_pond_a, serial_bayou_pond_e,
          serial_bayou_lake_a, minivault_11, lemuel_flame_loot_1

Skill      XL: |  1  2  3 |
---------------+----------+-----
Dodging        | 2 |  2.2
Fire Magic     | 3 |  3.6
Armour         | 1 |  1.0
Spellcasting   | 3 |  3.2
Stealth        | |  1.9
Conjurations   | |  1.5

Action                     |  1- 3 |  4- 6 || total
---------------------------+-------+-------++-------
  Melee: Unarmed           |     6 |       ||     6
         Punch             |     1 |       ||     1
   Cast: Foxfire           |    36 |       ||    36
         Scorch            |     8 |       ||     8
    Use: Potion            |     1 |       ||     1
 Armour: Leather armour    |    10 |     2 ||    12
  Dodge: Dodged            |     9 |       ||     9

Table legend: (Time is in decaauts)
 A = Elapsed time spent in this place.
 B = Non-inter-level travel time spent in this place.
 C = Inter-level travel time spent in this place.
 D = Time resting spent in this place.
 E = Time spent auto-exploring this place.
 F = Levels seen in this place.
 G = Mean time per level.
                   A        B        C        D        E       F      G
               +--------+--------+--------+--------+--------+-----+--------+
         Total |   1780 |   1684 |     96 |      0 |   1472 |   2 |  890.0 |
       Dungeon |   1780 |   1684 |     96 |      0 |   1472 |   2 |  890.0 |
               +--------+--------+--------+--------+--------+-----+--------+

Top non-repeatable levels by time:
     D:1: 1278 daAuts
     D:2: 501 daAuts
